 Dungeon Crawl Stone Soup version 0.31-a0-1327-g8c40ea976f (webtiles) character file.

Game seed: 15906726459099513759

360812 InterstingKuromi the Unforgettable (level 22, -11/143 HPs)
             Began as a Gnoll Fighter on Dec 20, 2023.
             Was the Champion of Hepliaklqana.
             Killed from afar by a deep elf sorcerer (26 damage)
             ... with a bolt of acid
             ... on level 3 of the Elven Halls on Dec 21, 2023.
             The game lasted 04:08:27 (46798 turns).

InterstingKuromi the Unforgettable (Gnoll Fighter) Turns: 46798, Time: 04:08:33

Health: -11/143    AC: 38    Str: 18    XL:     22   Next: 44%
Magic:  0/32       EV: 11    Int: 10    God:    Hepliaklqana [******]
Gold:   1808       SH: 28    Dex: 16    Spells: 29/51 levels left

rFire   . . .        v - +9 eveningstar (flame)
rCold   + . .        N - +3 tower shield {reflect}
rNeg    + + .        W - +9 plate armour of Death's Door {+Blink Fly}
rPois   .            m - +2 hat of the Bear Spirit {Spirit, Bear, *Rage Will++}
rElec   +            j - +2 cloak
rCorr   .            p - +1 pair of gloves
SInv    .            o - +3 pair of boots of Xuah {rC+ Regen+ MP-9}
Will    +++++        T - amulet of reflection
Stlth   ++           Q - ring of Ycvuceas {Will++ AC+4}
HPRegen 1.23/turn    H - ring of the Coward {rElec rN++ AC+4}
MPRegen 0.23/turn

%: random rage (20%), reflection, guardian spirit
@: about to teleport, fugue (expiring), corroded, flying, very slightly
contaminated
A: reduced essence, fangs 1, strong nose, distributed training, antennae 1,
clumsy 1, deformed body, frail 1, no potion heal 1, inability to drink after
injury 1
}: 2/15 runes: serpentine, barnacled
a: Renounce Religion, Evoke Blink, Recall Ancestor, Ancestor Identity,
Transference, Idealise


You were on level 3 of the Elven Halls.
You worshipped Hepliaklqana.
Hepliaklqana was exalted by your worship.
You visited 8 branches of the dungeon, and saw 36 of its levels.
You visited 1 bazaar.
You also visited: Sewer.

You collected 5504 gold pieces.
You spent 3696 gold pieces at shops.

Inventory:

Hand Weapons
 a - a +2 heavy scimitar
 v - a +9 eveningstar of flaming (weapon)
 J - a +6 scimitar
 Z - a +4 antimagic double sword
Missiles
 r - 45 poisoned darts
 u - 5 throwing nets
Armour
 f - a +2 helmet
 j - a +2 cloak (worn)
 m - the +2 hat of the Bear Spirit (worn) {Spirit, Bear, *Rage Will++}
   (You bought it in a shop on level 2 of the Orcish Mines)

   Bear:      Going berserk makes the wearer exceptionally tough, and they are
   slowed for a shorter time afterward.
   Will++:    It greatly increases your willpower.
   *Rage:     It berserks you when you make melee attacks (+20% chance).
 o - the +3 pair of boots of Xuah (worn) {rC+ Regen+ MP-9}
   (You found it on level 3 of the Dungeon)

   rC+:       It protects you from cold.
   MP-9:      It affects your magic capacity (-9).
   Regen+:    It increases your rate of health regeneration.
 p - a +1 pair of gloves (worn)
 N - a +3 tower shield of reflection (worn)
 S - a +2 kite shield of protection
 W - the +9 plate armour of Death's Door (worn) {+Blink Fly}
   (You found it on level 4 of the Shoals)

   Fly:       It grants you flight.
   +Blink:    It lets you blink.
 X - a +2 kite shield of poison resistance
Jewellery
 k - a ring of resist corrosion
 x - a ring of protection from cold
 z - an amulet of the acrobat
 C - a ring of willpower
 H - a ring of the Coward (right hand) {rElec rN++ AC+4}
   (You bought it in a shop on level 2 of the Snake Pit)

   [ring of protection]

   AC+4:      It affects your AC (+4).
   rElec:     It insulates you from electricity.
   rN++:      It greatly protects you from negative energy.
 M - a ring of protection from fire
 Q - a ring of Ycvuceas (left hand) {Will++ AC+4}
   (You acquired it on level 8 of the Dungeon)

   [ring of protection]

   AC+4:      It affects your AC (+4).
   Will++:    It greatly increases your willpower.
 T - an amulet of reflection (around neck)
 U - a ring of protection from cold
Wands
 b - a wand of iceblast (11)
 g - a wand of flame (117)
 y - a wand of charming (19) (quivered)
 A - a wand of digging (22)
 B - a wand of polymorph (11)
 E - a wand of quicksilver (29)
 O - a wand of mindburst (10)
Scrolls
 n - 3 scrolls of silence
 D - 2 scrolls of fear
 F - 4 scrolls of teleportation
 G - 3 scrolls of revelation
 I - 2 scrolls of summoning
 K - 6 scrolls of fog
 L - 3 scrolls of poison
 P - a scroll of blinking
 V - 4 scrolls of brand weapon
Potions
 c - 3 potions of cancellation
 d - 8 potions of curing
 e - 2 potions of magic
 h - 10 potions of attraction
 i - 15 potions of enlightenment
 l - 2 potions of invisibility
 s - 4 potions of brilliance
 t - a potion of might
 w - 4 potions of resistance
 R - a potion of haste
 Y - 4 potions of heal wounds


   Skills:
 + Level 16.5 Fighting
 + Level 15.4 Short Blades
 + Level 16.0 Long Blades
 + Level 15.4 Axes
 + Level 15.4 Maces & Flails
 + Level 15.4 Polearms
 + Level 15.4 Staves
 + Level 15.4 Ranged Weapons
 + Level 15.4 Throwing
 + Level 16.5 Armour
 + Level 15.4 Dodging
 + Level 15.4 Stealth
 + Level 16.5 Shields
 + Level 15.4 Unarmed Combat
 + Level 15.4 Spellcasting
 + Level 13.1 Conjurations
 + Level 13.1 Hexes
 + Level 13.1 Summonings
 + Level 13.1 Necromancy
 + Level 13.1 Translocations
 + Level 13.1 Fire Magic
 + Level 13.1 Ice Magic
 + Level 13.1 Air Magic
 + Level 13.1 Earth Magic
 + Level 13.1 Alchemy
 + Level 16.7 Invocations
 + Level 15.4 Evocations
 + Level 14.2 Shapeshifting


You had 29 spell levels left.
You knew the following spells:

 Your Spells              Type           Power      Damage    Failure   Level
a - Swiftness             Air            33%        N/A       3%          3
b - Dazzling Flash        Conj/Hex       66%        N/A       3%          3
c - Ozocubu's Armour      Ice            33%        N/A       3%          3
d - Fugue of the Fallen   Necr           33%        N/A       3%          3
e - Animate Armour        Summ/Erth      66%        N/A       12%         4
f - Shock                 Conj/Air       100%       1d9       1%          1
g - Silence               Hex/Air        16%        N/A       32%         5

Your spell library contained the following spells:

 Spells                   Type           Power      Damage    Failure   Level
 Foxfire                  Conj/Fire      100%       2x1d9     1%          1
 Magic Dart               Conj           100%       1d8       1%          1
 Lesser Beckoning         Tloc           66%        N/A       1%          2
 Mercury Vapours          Alch/Air       66%        N/A       1%          2
 Searing Ray              Conj           66%        2d6       1%          2
 Static Discharge         Conj/Air       66%        3-6/arc   1%          2
 Sublimation of Blood     Necr           33%        N/A       1%          2
 Call Canine Familiar     Summ           33%        N/A       3%          3
 Gell's Gravitas          Tloc           33%        N/A       3%          3
 Hailstorm                Conj/Ice       33%        3d8       3%          3
 Inner Flame              Hex/Fire       33%        N/A       3%          3
 Sigil of Binding         Hex            33%        N/A       3%          3
 Stone Arrow              Conj/Erth      66%        3d11      3%          3
 Summon Guardian Golem    Hex/Summ       33%        N/A       3%          3
 Teleport Other           Tloc           33%        N/A       3%          3
 Vampiric Draining        Necr           33%        2d8       3%          3
 Volatile Blastmotes      Fire/Tloc      66%        2d15      3%          3
 Airstrike                Air            16%        2d(3-19)  12%         4
 Anguish                  Hex/Necr       16%        N/A       12%         4
 Cause Fear               Hex            16%        N/A       12%         4
 Dimensional Bullseye     Hex/Tloc       16%        N/A       12%         4
 Fulminant Prism          Conj/Alch      16%        3d10      12%         4
 Ignite Poison            Fire/Alch      33%        N/A       12%         4
 Olgreb's Toxic Radiance  Alch           33%        N/A       12%         4
 Petrify                  Alch/Erth      33%        N/A       12%         4
 Summon Ice Beast         Ice/Summ       33%        N/A       12%         4
 Summon Lightning Spire   Summ/Air       33%        N/A       12%         4
 Agony                    Necr           33%        N/A       32%         5
 Alistair's Intoxication  Alch           22%        N/A       32%         5
 Borgnjor's Vile Clutch   Necr/Erth      16%        N/A       32%         5
 Fireball                 Conj/Fire      16%        3d8       32%         5
 Irradiate                Conj/Alch      16%        3d17      32%         5
 Iskenderun's Battlesphe  Conj           33%        2d9       32%         5
 Lee's Rapid Deconstruct  Erth           16%        3d10*     32%         5
 Metabolic Englaciation   Hex/Ice        16%        N/A       32%         5
 Bombard                  Conj/Erth      16%        9d3       88%         6
 Dispersal                Tloc           16%        N/A       88%         6
 Simulacrum               Ice/Necr       16%        N/A       88%         6
 Enfeeble                 Hex            16%        N/A       100%        7
 Malign Gateway           Summ/Tloc      16%        N/A       100%        7
 Orb of Destruction       Conj           16%        9d7       100%        7
 Spellforged Servitor     Conj/Summ      16%        N/A       100%        7
 Summon Hydra             Summ           16%        N/A       100%        7
 Discord                  Hex            16%        N/A       100%        8
 Ignition                 Fire           16%        3d7       100%        8
 Infestation              Necr           16%        N/A       100%        8
 Lehudib's Crystal Spear  Conj/Erth      16%        10d5      100%        8
 Dragon's Call            Summ           16%        N/A       100%        9


Dungeon Overview and Level Annotations

Branches:
Dungeon (13/15)            Temple (1/1) D:7            Lair (5/5) D:9
 Shoals (4/4) Lair:3        Snake (4/4) Lair:2        Slime (0/5) Lair:4
    Orc (2/2) D:11            Elf (3/3) Orc:2        Vaults (4/5) D:13
  Crypt (0/3) Vaults:2      Sewer (visited)

Altars:
Ashenzari
Cheibriados
Dithmenos
Elyvilon
Fedhas
Gozag
Hepliaklqana
Kikubaaqudgha
Makhleb
Nemelex Xobeh
Okawaru
Qazlal
Ru
Sif Muna
Trog
Uskayaw
Vehumet
Wu Jian
Xom
Yredelemnul
Zin
The Shining One
Jiyva

Shops:
Orc:2 [![[   Elf:1 !(*?[   Snake:2 **:=:   Vaults:2 *   Vaults:4 [=(!

Annotations:
Shoals:1 Polyphemus


Innate Abilities, Weirdness & Mutations

Your life essence is reduced to manifest your ancestor. (-10% HP)
You have very sharp teeth.
Your uncanny sense of smell can sniff out nearby items.
Your experience applies equally to all skills.
You have a pair of small antennae on your head.
You are clumsy. (Dex -2)
Armour fits poorly on your strangely shaped body.
You are frail. (-10% HP)
Potions are less effective at restoring your health.
You occasionally lose the ability to drink potions when taking damage.


Message History

The wailing of tortured souls fills the air!
A deep elf sorcerer opens the door.
It is wielding a +0 long sword.
The wailing of tortured souls fills the air!
The deep elf sorcerer casts a spell at you.
The bolt of acid hits you!
The deep elf sorcerer gestures at you while chanting.
The sphere of damnation explodes!
The damnation engulfs you!!
You are losing your grip on the fallen.
The wailing of tortured souls fills the air!
There is an open door here.
Okay, then.
Casting: Animate Armour (dangerous; 12% risk of failure)
Confirm with . or Enter, or press ? or * to list all spells.
You miscast Silence.
You are very lightly contaminated with residual magic.
Nothing appears to happen.
The deep elf sorcerer points at you and mumbles some strange words.
The bolt of acid hits you!!
The deep elf sorcerer casts a spell at you.
The sphere of damnation explodes!
The damnation engulfs you!
* * * LOW HITPOINT WARNING * * *
Aiming: Charm
Press: ? - help, Q - select action, (/) - cycle Shift-Dir - straight line, f - deep elf sorcerer
Aim: a deep elf sorcerer, wielding a +0 long sword (fast, spells empowered, chance to affect: 6%)
Okay, then.
As you read the scroll of teleportation, it crumbles to dust.
You feel strangely unstable.
Your system partially rejects the healing.
You feel much better.
The deep elf annihilator seems less brilliant.
The deep elf sorcerer points at you and mumbles some strange words.
The bolt of acid hits you!!!
* * * LOW HITPOINT WARNING * * *
The acid corrodes you!
The deep elf high priest prays to its god.
The deep elf high priest begins emitting a brilliant aura!
The deep elf annihilator is empowered by the deep elf high priest's aura!
The deep elf sorcerer casts a spell at you.
The bolt of acid hits you!!
You die...

........## #.#
.).......# #.#
.........# #.#
.........# #.# #######
.........####'###
#.....#
...).....##.....#
###.....###
........###.....#
#.........# .......##
#.....#######....#....#
#.....##
#.....@.ee.e'e..###...#
###'###
#.....#######....#....#
#.# ####### #.....e?..#
###'#### ###e....###
.......# #...e.#
.......## #####.#
........# #[#
........## #.#
.........# #.#


You could see a deep elf annihilator (empowered), a deep elf sorcerer (fast,
empowered) and 2 deep elf high priests.

Vanquished Creatures
  Nikola (Shoals:3)
  Rupert (D:12)
  A lich (Vaults:1)
  Zenata (Vaults:1)
  Asterion (Vaults:1)
  The ghost of Lolleill the Bludgeoner, an adept DgSh (Vaults:2)
  2 sphinxes
  Frances (D:12)
  Kirke (Lair:3)
  A nagaraja (Snake:4)
  13 vault wardens
  The ghost of MacCMillion the Severer, a journeyman MiFi of Okawaru (Lair:5)
  The ghost of InterstingKuromi the Carver, a journeyman GnCK of Xom (Lair:4)
  A formless jellyfish (Vaults:3)
  13 ironbound preservers
  The ghost of Loefaen the Basher, a journeyman GrBe of Trog (Orc:1)
  3 ironbound thunderhulks
  The ghost of InterstingKuromi the Severer, a journeyman HOMo of Beogh (Elf:1)
  A deep elf death mage (Elf:1)
  A deep elf demonologist (Elf:3)
  Azrael (D:12)
  A deep elf annihilator (Elf:1)
  5 dire elephants
  Snorg (Lair:3)
  Josephine (D:10)
  2 merfolk javelineers (Shoals:4)
  2 merfolk impalers
  9 yaktaur captains
  2 entropy weavers
  A crystal guardian (Vaults:3)
  2 fire dragons
  2 great orbs of eyes (Vaults:1)
  A deep elf high priest (Vaults:4)
  24 vault guards
  5 salamander tyrants
  2 merfolk avatars
  8 centaur warriors
  Erolcha (D:13)
  The ghost of hitsuchi the Covert, a journeyman VSBr of Uskayaw (Lair:3)
  5 boulder beetles
  2 catoblepae
  4 hydras
  7 ironbound frosthearts
  2 merfolk aquamancers (Shoals:4)
  An alligator snapping turtle (Shoals:4)
  A death knight (Vaults:2)
  2 satyrs (Shoals:4)
  A sphinx skeleton (Vaults:4)
  8 anacondas
  8 naga warriors
  19 dancing weapons
  5 two-headed ogres
  7 death yaks
  6 orc high priests
  The ghost of Fildev the Covert, a journeyman SpHu of Uskayaw (D:11)
  7 shock serpents
  Urug (Lair:2)
  10 naga sharpshooters
  5 skysharks
  A titan skeleton (Vaults:4)
  A shadow wraith (Vaults:2)
  6 deep elf knights
  Lodul (D:12)
  7 salamander mystics
  3 skeletal warriors
  14 sea snakes
  33 deep trolls
  A glowing orange brain (Vaults:1)
  An arcanist (Vaults:1)
  5 deep elf archers (Elf:1)
  2 naga ritualists
  3 necromancers
  12 ironbound convokers
  A phantasmal warrior (Vaults:2)
  An obsidian statue (Elf:1)
  10 deep elf pyromancers
  31 harpies
  A lindwurm (Lair:5)
  19 deep elf zephyrmancers
  9 ugly things
  11 orc knights
  4 wolf spiders
  A shining eye (shapeshifter) (Elf:3)
  5 mana vipers
  3 cyclopes
  3 fauns
  5 orc sorcerers
  33 salamanders
  21 elephants
  4 kobold blastminers (Orc:2)
  A moth of wrath (Orc:1)
  16 manticores
  29 black mambas
  4 naga magi
  3 guardian serpents
  A stone giant skeleton (Vaults:4)
  3 merfolk sirens (Shoals:4)
  6 vault sentinels
  2 water nymphs
  3 torpor snails (Lair:5)
  3 large abominations (Elf:1)
  An unseen horror (D:12)
  A gargoyle (D:12)
  13 cane toads
  2 human zombies (Vaults:4)
  Jeremiah (D:6)
  A kobold demonologist (D:12)
  4 rime drakes
  30 yaktaurs
  A yaktaur zombie (Vaults:4)
  5 komodo dragons
  Psyche (D:12)
  A tengu conjurer (D:11)
  2 harpy zombies (Shoals:1)
  6 trolls
  6 hornets
  2 polar bears (Lair:3)
  A troll (shapeshifter) (Elf:1)
  2 tyrant leeches (Lair:5)
  5 wind drakes
  13 blink frogs
  A tengu simulacrum (Vaults:4)
  A tarantella (shapeshifter) (D:13)
  11 merfolk
  10 snapping turtles
  11 slime creatures
  6 dream sheep
  Sigmund (D:2)
  6 water elementals
  2 air elementals
  2 shadows
  12 wyverns
  8 wraiths
  6 fire elementals
  A hog (Lair:3)
  44 yaks
  3 basilisks
  A hog (shapeshifter) (Elf:3)
  4 redbacks
  10 wargs
  3 vampire mosquitoes (D:12)
  21 nagas
  An entropy weaver zombie (Vaults:4)
  20 water moccasins
  A hell hound (D:12)
  2 black bears (D:9)
  2 manticore zombies (Shoals:1)
  16 ogres
  25 orc warriors
  12 wolves
  A phantom (D:7)
  7 centaurs
  A kobold brigand (D:6)
  3 bullfrogs
  2 elf zombies (Elf:1)
  A gnoll sergeant (D:9)
  5 earth elementals
  11 wights
  A human simulacrum (Vaults:4)
  16 killer bees
  8 howler monkeys
  2 jellies
  A lava snake (Lair:2)
  2 hounds
  7 orc priests
  3 sleepcaps
  Jessica (D:3)
  22 orc wizards
  7 iguanas
  6 hell rats (Lair:3)
  11 gnolls
  7 adders
  9 river rats
  2 white imps
  4 ufetubi
  A worm (D:2)
  5 dart slugs
  59 orcs
  4 endoplasms
  7 giant cockroaches
  11 goblins
  8 hobgoblins
  2 jackals (D:1)
  5 quokkas
  15 ball pythons
  6 bats
  4 frilled lizards
  19 kobolds
  27 rats
  7 spectral weapons
1204 creatures vanquished.

Vanquished Creatures (collateral kills)
  A sphinx (Vaults:3)
  A tengu reaver (Vaults:1)
  2 nagarajas
  A deep elf sorcerer (Elf:3)
  3 vault wardens
  An orc warlord (Vaults:4)
  2 ironbound thunderhulks
  4 ironbound preservers
  2 dire elephants (Vaults:2)
  A hydra (Lair:5)
  3 vault guards
  A peacekeeper (Vaults:3)
  4 salamander tyrants (Snake:4)
  2 merfolk avatars (Shoals:2)
  A death knight (Vaults:2)
  2 anacondas
  2 ironbound frosthearts
  5 dancing weapons (Elf:2)
  2 merfolk aquamancers (Shoals:1)
  An alligator snapping turtle (Shoals:2)
  2 two-headed ogres
  A boulder beetle (Lair:5)
  A satyr (Shoals:2)
  A death yak (Lair:5)
  4 naga warriors
  2 shock serpents
  5 naga sharpshooters
  5 deep elf knights
  2 skysharks
  A skeletal warrior (D:11)
  7 sea snakes
  2 salamander mystics
  9 deep trolls
  3 naga ritualists
  A necromancer (Vaults:4)
  6 arcanists
  3 lindwurms
  2 deep elf archers (Elf:1)
  10 harpies
  7 ironbound convokers
  8 deep elf pyromancers
  4 deep elf zephyrmancers
  3 mana vipers (Snake:3)
  A large abomination (Elf:1)
  3 ugly things
  12 salamanders
  A faun (Shoals:4)
  5 elephants
  5 merfolk sirens
  3 manticores
  3 kobold blastminers
  13 black mambas
  A guardian serpent (Snake:4)
  4 vault sentinels
  6 water nymphs
  2 naga magi
  An unseen horror (D:10)
  6 cane toads
  2 torpor snails (Lair:5)
  13 yaktaurs
  A komodo dragon (Lair:2)
  A tengu conjurer (Vaults:1)
  A queen bee (Lair:1)
  3 harpy zombies (Shoals:1)
  A troll (D:11)
  2 wind drakes
  3 merfolk
  3 hornets (Lair:5)
  A tyrant leech (Lair:5)
  3 polar bears
  4 blink frogs
  A dream sheep (D:11)
  2 slime creatures (D:12)
  2 snapping turtles
  10 yaks
  5 water elementals
  An elf skeleton (Vaults:4)
  4 wraiths
  5 wyverns
  2 wargs (Orc:1)
  A fire elemental (Elf:1)
  A basilisk (Lair:3)
  Grum (Lair:1)
  8 nagas
  4 water moccasins
  An acid dragon (D:10)
  A glowing shapeshifter skeleton (Vaults:4)
  17 orc warriors
  2 ogres
  A boggart (Vaults:1)
  6 wolves
  3 centaurs
  2 kobold brigands (D:11)
  4 bullfrogs
  2 gnoll sergeants (D:11)
  An earth elemental (Elf:3)
  A glowing shapeshifter simulacrum (Vaults:4)
  A wight (D:8)
  6 killer bees
  A howler monkey (D:12)
  2 lava snakes (Lair:2)
  2 orc priests
  6 orc wizards
  2 gnolls
  37 orcs
379 creatures vanquished.

Vanquished Creatures (others)
  An anaconda (Snake:3)
  A merfolk aquamancer (Shoals:1)
  A dancing weapon (Elf:2)
  2 deep elf knights (Elf:2)
  A deep elf zephyrmancer (Elf:3)
  A deep elf pyromancer (Elf:1)
  A guardian serpent (Snake:4)
  A black mamba (Snake:3)
  A rime drake (Lair:3)
  2 yaktaurs
  2 yaks (D:9)
  2 humans (Lair:3)
  An orc warrior (D:11)
  A centaur (D:11)
  A bullfrog (Lair:3)
  A gnoll bouda (D:11)
  An orc priest (Orc:2)
  7 ancestors
  57 knights
  An orc wizard (Orc:2)
86 creatures vanquished.

Grand Total: 1669 creatures vanquished

Notes
Turn   | Place    | Note
-------+----------+-------------------------------------------
     0 | D:1      | InterstingKuromi the Gnoll Fighter began the quest for the
                  | Orb.
     0 | D:1      | Reached XP level 1. HP: 23/23 MP: 1/1
    65 | D:1      | Reached XP level 2. HP: 29/29 MP: 2/2
   387 | D:1      | Reached XP level 3. HP: 35/35 MP: 3/3
   597 | D:1      | Reached skill level 1 in Invocations
  1035 | D:2      | Reached skill level 1 in Short Blades
  1035 | D:2      | Reached skill level 1 in Axes
  1035 | D:2      | Reached skill level 1 in Maces & Flails
  1035 | D:2      | Reached skill level 1 in Polearms
  1035 | D:2      | Reached skill level 1 in Staves
  1035 | D:2      | Reached skill level 1 in Ranged Weapons
  1035 | D:2      | Reached skill level 1 in Throwing
  1035 | D:2      | Reached skill level 1 in Dodging
  1035 | D:2      | Reached skill level 1 in Stealth
  1035 | D:2      | Reached skill level 1 in Unarmed Combat
  1035 | D:2      | Reached skill level 1 in Spellcasting
  1035 | D:2      | Reached skill level 1 in Evocations
  1043 | D:2      | Reached XP level 4. HP: 41/41 MP: 5/5
  1228 | D:2      | Reached skill level 1 in Shapeshifting
  1603 | D:2      | Reached skill level 1 in Conjurations
  1603 | D:2      | Reached skill level 1 in Hexes
  1603 | D:2      | Reached skill level 1 in Summonings
  1603 | D:2      | Reached skill level 1 in Necromancy
  1603 | D:2      | Reached skill level 1 in Translocations
  1603 | D:2      | Reached skill level 1 in Transmutations
  1603 | D:2      | Reached skill level 1 in Fire Magic
  1603 | D:2      | Reached skill level 1 in Ice Magic
  1603 | D:2      | Reached skill level 1 in Air Magic
  1603 | D:2      | Reached skill level 1 in Earth Magic
  1603 | D:2      | Reached skill level 1 in Alchemy
  1758 | D:2      | Noticed Sigmund
  1783 | D:2      | Killed Sigmund
  1784 | D:2      | Reached XP level 5. HP: 8/47 MP: 5/7
  1784 | D:2      | Reached XP level 6. HP: 9/53 MP: 5/8
  2145 | D:3      | Identified the +3 pair of boots of Xuah {rC+ Regen+ MP-9}
  2203 | D:3      | Reached skill level 5 in Long Blades
  2230 | D:3      | Found a glowing drain.
  2262 | Sewer    | Entered a sewer
  2607 | Sewer    | Identified a scroll of acquirement
  2607 | Sewer    | Acquired 728 gold pieces
  2929 | D:3      | Reached XP level 7. HP: 22/59 MP: 1/10
  3627 | D:3      | Noticed Jessica
  3634 | D:3      | Found a shimmering blue altar of Sif Muna.
  3644 | D:3      | Killed Jessica
  3814 | D:4      | HP: 1/60 [ogre/+0 giant club (22)]
  4009 | D:4      | Found an ancient bone altar of Kikubaaqudgha.
  4037 | D:4      | Reached XP level 8. HP: 62/67 MP: 3/12
  4194 | D:4      | Found a broken altar of Ashenzari.
  4450 | D:5      | Entered Level 5 of the Dungeon
  4703 | D:5      | Reached skill level 5 in Short Blades
  4703 | D:5      | Reached skill level 5 in Axes
  4703 | D:5      | Reached skill level 5 in Maces & Flails
  4703 | D:5      | Reached skill level 5 in Polearms
  4703 | D:5      | Reached skill level 5 in Staves
  4703 | D:5      | Reached skill level 5 in Ranged Weapons
  4703 | D:5      | Reached skill level 5 in Throwing
  4703 | D:5      | Reached skill level 5 in Dodging
  4703 | D:5      | Reached skill level 5 in Stealth
  4703 | D:5      | Reached skill level 5 in Unarmed Combat
  4703 | D:5      | Reached skill level 5 in Spellcasting
  4703 | D:5      | Reached skill level 5 in Evocations
  4703 | D:5      | Reached skill level 5 in Shapeshifting
  4703 | D:5      | Reached XP level 9. HP: 75/75 MP: 4/17
  8033 | D:5      | Identified the +0 scale mail of Dishonesty {Dex+3 Stlth+}
  8749 | D:6      | Found an iron altar of Okawaru.
  8752 | D:6      | Noticed Jeremiah
  8799 | D:6      | Killed Jeremiah
  8800 | D:6      | Reached XP level 10. HP: 70/75 MP: 9/18
  9008 | D:7      | Found a staircase to the Ecumenical Temple.
  9015 | Temple   | Entered the Ecumenical Temple
  9166 | Temple   | Became a worshipper of Hepliaklqana the Forgotten
  9307 | D:7      | Found a glowing silver altar of Zin.
  9307 | D:7      | Found a white marble altar of Elyvilon.
  9308 | D:7      | Found a glowing golden altar of the Shining One.
  9399 | D:7      | Reached skill level 5 in Conjurations
  9399 | D:7      | Reached skill level 5 in Hexes
  9399 | D:7      | Reached skill level 5 in Summonings
  9399 | D:7      | Reached skill level 5 in Necromancy
  9399 | D:7      | Reached skill level 5 in Translocations
  9399 | D:7      | Reached skill level 5 in Transmutations
  9399 | D:7      | Reached skill level 5 in Fire Magic
  9399 | D:7      | Reached skill level 5 in Ice Magic
  9399 | D:7      | Reached skill level 5 in Air Magic
  9399 | D:7      | Reached skill level 5 in Earth Magic
  9399 | D:7      | Reached skill level 5 in Alchemy
  9657 | D:7      | Identified the +5 mace "Lyarph" {freeze, rPois rCorr Str+4}
 10237 | D:8      | Reached * piety under Hepliaklqana
 10601 | D:8      | Acquired a ring of Ycvuceas {Will++ AC+4}
 11353 | D:9      | Reached XP level 11. HP: 26/80 MP: 11/20
 11561 | D:9      | Noticed a two-headed ogre
 11565 | D:9      | Killed a two-headed ogre
 11679 | D:9      | Identified the +0 ring mail of Ustamin {rN+ Str+3}
 11872 | D:9      | Found a staircase to the Lair.
 12132 | D:10     | Entered Level 10 of the Dungeon
 12132 | D:10     | Reached ** piety under Hepliaklqana
 12133 | D:10     | Remembered your ancestor Jumpy as a knight
 12154 | D:10     | Noticed an orc knight
 12190 | D:10     | Killed an orc knight
 12529 | D:10     | Noticed Josephine
 12564 | D:10     | Killed Josephine
 12604 | D:10     | Noticed a two-headed ogre
 12617 | D:10     | Killed a two-headed ogre
 12618 | D:10     | Reached XP level 12. HP: 87/87 MP: 12/23
 13062 | D:11     | Noticed a boulder beetle
 13080 | D:11     | Killed a boulder beetle
 13081 | D:11     | Reached skill level 10 in Fighting
 13081 | D:11     | Reached skill level 10 in Armour
 13081 | D:11     | Reached skill level 10 in Shields
 13409 | D:11     | Noticed a boulder beetle
 13441 | D:11     | Killed a boulder beetle
 13528 | D:11     | Noticed a boulder beetle
 13552 | D:11     | Killed a boulder beetle
 13568 | D:11     | Found a runed translucent door.
 13569 | D:11     | Noticed Fildev's ghost (journeyman SpHu)
 13692 | D:11     | Killed Fildev's ghost
 14516 | Lair:1   | Entered Level 1 of the Lair of Beasts
 14651 | Lair:1   | Reached XP level 13. HP: 88/93 MP: 16/25
 14985 | Lair:1   | Reached *** piety under Hepliaklqana
 15167 | Lair:1   | Found an ancient bone altar of Kikubaaqudgha.
 15245 | Lair:1   | Noticed Grum
 15258 | Lair:1   | Killed Grum
 15811 | Lair:2   | Found a staircase to the Snake Pit.
 15893 | Lair:2   | Noticed Urug
 15972 | Lair:2   | Killed Urug
 16019 | Lair:2   | Reached skill level 10 in Long Blades
 16511 | Lair:2   | Reached XP level 14. HP: 101/101 MP: 18/27
 16575 | Lair:2   | Reached skill level 10 in Invocations
 17207 | Lair:3   | Found a staircase to the Shoals.
 17225 | Lair:3   | Noticed Snorg
 17232 | Lair:3   | Killed Snorg
 17314 | Lair:3   | Found a runed translucent gate.
 17482 | Lair:3   | Noticed Kirke
 17495 | Lair:3   | Killed Kirke
 17672 | Lair:3   | Found a runed translucent gate.
 17672 | Lair:3   | Found a runed translucent gate.
 17673 | Lair:3   | Noticed hitsuchi's ghost (journeyman VSBr)
 17827 | Lair:3   | Killed hitsuchi's ghost
 17837 | Lair:3   | Identified the +2 chain mail of Tenacity {Harm rCorr Str+5
                  | Stlth-}
 18258 | Lair:4   | Reached **** piety under Hepliaklqana
 18518 | Lair:4   | Found a staircase to the Slime Pits.
 18534 | Lair:4   | Found a viscous altar of Jiyva.
 18997 | Lair:4   | Found a runed translucent gate.
 18997 | Lair:4   | Found a runed translucent gate.
 18997 | Lair:4   | Found a runed translucent gate.
 18999 | Lair:4   | Noticed InterstingKuromi's ghost (journeyman GnCK)
 19018 | Lair:4   | Killed InterstingKuromi's ghost
 19021 | Lair:4   | Identified the +3 ring mail of Vafialor {Rampage Stlth+}
 19429 | Lair:5   | Entered Level 5 of the Lair of Beasts
 19600 | Lair:5   | Reached skill level 10 in Short Blades
 19600 | Lair:5   | Reached skill level 10 in Axes
 19600 | Lair:5   | Reached skill level 10 in Maces & Flails
 19600 | Lair:5   | Reached skill level 10 in Polearms
 19600 | Lair:5   | Reached skill level 10 in Staves
 19600 | Lair:5   | Reached skill level 10 in Ranged Weapons
 19600 | Lair:5   | Reached skill level 10 in Throwing
 19600 | Lair:5   | Reached skill level 10 in Dodging
 19600 | Lair:5   | Reached skill level 10 in Stealth
 19600 | Lair:5   | Reached skill level 10 in Unarmed Combat
 19600 | Lair:5   | Reached skill level 10 in Spellcasting
 19600 | Lair:5   | Reached skill level 10 in Evocations
 19607 | Lair:5   | Reached XP level 15. HP: 56/108 MP: 20/29
 19745 | Lair:5   | Found an ornate altar of the Wu Jian Council.
 19747 | Lair:5   | Found a hide-covered altar of Uskayaw.
 19854 | Lair:5   | Found a runed translucent door.
 19854 | Lair:5   | Noticed MacCMillion's ghost (journeyman MiFi)
 19900 | Lair:5   | Killed MacCMillion's ghost
 20237 | Lair:5   | Acquired a +1 kite shield of resistance
 20332 | Lair:5   | Got Doewucaw's Incunabulum of Kindling
 20429 | Lair:5   | Reached ***** piety under Hepliaklqana
 20670 | Lair:5   | Paralysed by a hornet for 1 turns
 21244 | Snake:1  | Entered Level 1 of the Snake Pit
 21906 | Snake:2  | You fall into a shaft and drop 1 floor!
 22709 | Snake:3  | Reached XP level 16. HP: 61/116 MP: 21/30
 22777 | Snake:3  | Reached skill level 10 in Shapeshifting
 22785 | Snake:3  | Gained mutation: You are somewhat resistant to further
                  | mutation. [potion of mutation]
 23004 | Snake:2  | Found Koyd's Specific Store.
 23005 | Snake:2  | Found Kitunem's General Store.
 23006 | Snake:2  | Noticed a nagaraja
 23016 | Snake:2  | Killed a nagaraja
 23070 | Snake:2  | Bought a +2 plate armour of willpower for 680 gold pieces
 23081 | Snake:2  | Bought a scroll of enchant armour for 127 gold pieces
 23447 | Snake:2  | Reached ****** piety under Hepliaklqana
 23930 | Snake:2  | Got the Discursus on Correspondence and the Dose
 24002 | Snake:2  | Found Jorphiwe's Book Emporium.
 24002 | Snake:2  | Found Nunut's Jewellery Boutique.
 24003 | Snake:2  | Found Dinlomosm's Book Emporium.
 24015 | Snake:2  | Bought a ring of the Coward {rElec rN++ AC+4} for 1028 gold
                  | pieces
 24855 | Snake:4  | Entered Level 4 of the Snake Pit
 25191 | Snake:4  | Found a flickering gateway to a bazaar.
 25206 | Bazaar   | Entered a bazaar
 25246 | Bazaar   | Found Wooda's Magic Scroll Shoppe.
 25247 | Bazaar   | Found Ezum's Magic Scroll Shoppe.
 25287 | Bazaar   | Found Uklaiv's Distillery.
 25287 | Bazaar   | Found Pellehua's Armour Emporium.
 25331 | Bazaar   | Bought a scroll of enchant armour for 45 gold pieces
 25343 | Bazaar   | Bought a scroll of enchant weapon for 120 gold pieces
 25574 | Snake:4  | Reached XP level 17. HP: 102/123 MP: 23/32
 25862 | Snake:4  | Learned a level 3 spell: Swiftness
 25866 | Snake:4  | Learned a level 3 spell: Dazzling Flash
 25870 | Snake:4  | Learned a level 3 spell: Ozocubu's Armour
 25932 | Snake:4  | Learned a level 3 spell: Fugue of the Fallen
 26761 | Snake:4  | Reached skill level 10 in Conjurations
 26761 | Snake:4  | Reached skill level 10 in Hexes
 26761 | Snake:4  | Reached skill level 10 in Summonings
 26761 | Snake:4  | Reached skill level 10 in Necromancy
 26761 | Snake:4  | Reached skill level 10 in Translocations
 26761 | Snake:4  | Reached skill level 10 in Transmutations
 26761 | Snake:4  | Reached skill level 10 in Fire Magic
 26761 | Snake:4  | Reached skill level 10 in Ice Magic
 26761 | Snake:4  | Reached skill level 10 in Air Magic
 26761 | Snake:4  | Reached skill level 10 in Earth Magic
 26761 | Snake:4  | Reached skill level 10 in Alchemy
 27765 | Snake:4  | Got a serpentine rune of Zot
 28204 | D:12     | Identified the +5 leather armour of the Tundras {Dex+3
                  | SInv}
 28382 | D:12     | Noticed Azrael
 28395 | D:12     | Killed Azrael
 28667 | D:12     | Noticed Rupert
 28677 | D:12     | Killed Rupert
 28682 | D:12     | Noticed Frances
 28695 | D:12     | Killed Frances
 29064 | D:12     | Noticed Psyche
 29068 | D:12     | Killed Psyche
 29191 | D:12     | Noticed Lodul
 29222 | D:12     | Killed Lodul
 29818 | D:13     | Noticed Erolcha
 29825 | D:13     | Killed Erolcha
 29844 | D:13     | Found a gate to the Vaults.
 29893 | D:13     | Reached XP level 18. HP: 130/130 MP: 25/34
 29916 | Vaults:1 | Entered Level 1 of the Vaults
 30048 | Vaults:1 | Noticed Asterion
 30360 | Vaults:1 | Killed Asterion
 30988 | Vaults:1 | Learned a level 4 spell: Animate Armour
 31295 | Vaults:1 | Found the +5 robe of Night {Dark Will+ SInv}
 31340 | Vaults:1 | Found a radiant altar of Vehumet.
 31340 | Vaults:1 | Found the +3 crown of Dyrovepreva {rElec Int+2 SInv}
 31340 | Vaults:1 | Noticed a lich
 31349 | Vaults:1 | Killed a lich
 32268 | Vaults:2 | Reached XP level 19. HP: 137/137 MP: 27/36
 32515 | Vaults:2 | Found Zywaept's General Store.
 32522 | Vaults:2 | Found a runed translucent door.
 32522 | Vaults:2 | Noticed Lolleill's ghost (adept DgSh)
 32578 | Vaults:2 | Killed Lolleill's ghost
 32581 | Vaults:2 | Identified the +7 scimitar of Embarrassment {flame, rC+++
                  | rCorr Str-2 SInv}
 33088 | Vaults:2 | Found a staircase to the Crypt.
 33296 | Vaults:2 | Noticed Zenata
 33535 | Vaults:1 | Killed Zenata
 34578 | Vaults:3 | Reached skill level 15 in Fighting
 34578 | Vaults:3 | Reached skill level 15 in Armour
 34578 | Vaults:3 | Reached skill level 15 in Shields
 34772 | Vaults:3 | Reached XP level 20. HP: 137/145 MP: 24/37
 34862 | Vaults:3 | Reached skill level 15 in Transmutations
 34862 | Vaults:3 | Upgraded the game from 0.31-a0-1309-gbf3fed316f to
                  | 0.31-a0-1327-g8c40ea976f
 34877 | Vaults:3 | Learned a level 1 spell: Shock
 35008 | Vaults:3 | Reached skill level 15 in Invocations
 35146 | Vaults:3 | Identified the +7 plate armour "Xexomab" {Harm +Inv Str-3
                  | Dex+4}
 35765 | Vaults:4 | Found Upsuotoi's Distillery.
 36128 | Vaults:4 | Found Reraorr's Jewellery Shop.
 36137 | Vaults:4 | Bought an amulet of reflection for 510 gold pieces
 36422 | Vaults:4 | Found Wejiv's Weapon Boutique.
 36797 | Vaults:4 | Found Lenolice's Antique Armour Boutique.
 36802 | Vaults:4 | Bought a glowing helmet for 270 gold pieces
 36803 | Vaults:4 | Bought a shiny helmet for 270 gold pieces
 37474 | D:11     | Found a staircase to the Orcish Mines.
 37513 | Orc:1    | Entered Level 1 of the Orcish Mines
 37957 | Orc:1    | Found a transporter.
 37964 | Orc:1    | Noticed Loefaen's ghost (journeyman GrBe)
 37983 | Orc:1    | Found a transporter.
 38051 | Orc:1    | Killed Loefaen's ghost
 38139 | Orc:2    | Entered Level 2 of the Orcish Mines
 38285 | Orc:2    | Found a staircase to the Elven Halls.
 38437 | Orc:2    | Reached skill level 15 in Long Blades
 38506 | Orc:2    | Found Radit's Armour Shoppe.
 38711 | Orc:2    | Found Weih's Distillery.
 38716 | Orc:2    | Bought a potion of mutation for 128 gold pieces
 38716 | Orc:2    | Lost mutation: You are somewhat resistant to further
                  | mutation. [potion of mutation]
 38716 | Orc:2    | Gained mutation: You are vulnerable to cold. (rC-) [potion
                  | of mutation]
 38716 | Orc:2    | Gained mutation: Armour fits poorly on your strangely
                  | shaped body. [potion of mutation]
 38716 | Orc:2    | Gained mutation: Your spells are a little easier to cast,
                  | but a little less powerful. [potion of mutation]
 38717 | Orc:2    | Lost mutation: Your spells are a little easier to cast, but
                  | a little less powerful. [potion of mutation]
 38717 | Orc:2    | Lost mutation: You are vulnerable to cold. (rC-) [potion of
                  | mutation]
 38717 | Orc:2    | Gained mutation: Potions are less effective at restoring
                  | your health. [potion of mutation]
 38717 | Orc:2    | Gained mutation: You occasionally lose the ability to drink
                  | potions when taking damage. [potion of mutation]
 38717 | Orc:2    | Gained mutation: You have a pair of small antennae on your
                  | head. [potion of mutation]
 38718 | Orc:2    | Found Moca's Antique Armour Boutique.
 38720 | Orc:2    | Found Qidazi's Armour Shoppe.
 38729 | Orc:2    | Bought the +2 hat of the Bear Spirit {Spirit, Bear, *Rage
                  | Will++} for 383 gold pieces
 38729 | Orc:2    | Found the +2 hat of the Bear Spirit {Spirit, Bear, *Rage
                  | Will++}
 39490 | Shoals:1 | Entered Level 1 of the Shoals
 39555 | Shoals:1 | Reached XP level 21. HP: 153/153 MP: 24/39
 40326 | Shoals:2 | Noticed Polyphemus
 40669 | Shoals:2 | Identified the +10 battleaxe "Killer Bee's Doom" {protect,
                  | Str+5 Dex+3}
 40790 | Shoals:2 | Learned a level 5 spell: Silence
 41057 | Shoals:3 | Noticed Nikola
 41096 | Shoals:3 | Killed Nikola
 41848 | Shoals:4 | Entered Level 4 of the Shoals
 42340 | Shoals:4 | Identified the +9 plate armour of Death's Door {+Blink Fly}
 42508 | Shoals:4 | Got a barnacled rune of Zot
 43084 | Elf:1    | Entered Level 1 of the Elven Halls
 43095 | Elf:1    | Reached skill level 15 in Short Blades
 43095 | Elf:1    | Reached skill level 15 in Axes
 43095 | Elf:1    | Reached skill level 15 in Maces & Flails
 43095 | Elf:1    | Reached skill level 15 in Polearms
 43095 | Elf:1    | Reached skill level 15 in Staves
 43095 | Elf:1    | Reached skill level 15 in Ranged Weapons
 43095 | Elf:1    | Reached skill level 15 in Throwing
 43095 | Elf:1    | Reached skill level 15 in Dodging
 43095 | Elf:1    | Reached skill level 15 in Stealth
 43095 | Elf:1    | Reached skill level 15 in Unarmed Combat
 43095 | Elf:1    | Reached skill level 15 in Spellcasting
 43095 | Elf:1    | Reached skill level 15 in Evocations
 43327 | Elf:1    | Found a runed translucent gate.
 43327 | Elf:1    | Found a runed translucent gate.
 43327 | Elf:1    | Found an opulent altar of Gozag.
 43327 | Elf:1    | Found a runed translucent gate.
 43329 | Elf:1    | Noticed InterstingKuromi's ghost (journeyman HOMo)
 43374 | Elf:1    | Killed InterstingKuromi's ghost
 43376 | Elf:1    | Gained mutation: You are clumsy. (Dex -2) [a neqoxec]
 43379 | Elf:1    | Gained mutation: You are frail. (-10% HP) [a neqoxec]
 43597 | Elf:1    | Reached XP level 22. HP: 142/142 MP: 32/41
 43639 | Elf:1    | Found Mocwie Lyri's Assorted Antiques.
 43647 | Elf:1    | Found Fodit's Distillery.
 43648 | Elf:1    | Found Kytetat's Magic Scroll Shop.
 43648 | Elf:1    | Found Cemo's Antique Weapon Shop.
 43665 | Elf:1    | Bought a scroll of enchant weapon for 135 gold pieces
 43755 | Elf:1    | Found Yrurgh's Antique Armour Emporium.
 44297 | Elf:1    | Got the Folio of the Crypt
 44867 | Elf:2    | Found a runed translucent gate.
 44869 | Elf:2    | Found a runed translucent gate.
 44870 | Elf:2    | Found a runed translucent gate.
 46044 | Elf:3    | Entered Level 3 of the Elven Halls
 46798 | Elf:3    | Killed from afar by a deep elf sorcerer

Illustrated notes

Levels and vault maps discovered:
D:1:      nzn_arrival_settlement, layout_basic,
          nicolae_concentric_dashed_squares_mild, minmay_tetromino_t4
D:2:      layout_basic, nrook_uturn, minmay_indecisive_spiral, uniq_sigmund
D:3:      layout_loops_corners, tgw_sif, portal_sewer_entry_e,
          minmay_misc_feat_x, minmay_misc_feat_diagonals, corexii_shack
D:4:      layout_rooms, mainiacjoe_overflow_swirl, hex_tiny, minivault_27
D:5:      lemuel_ice_spiral_2, layout_basic, nrook_mini_vaults,
          corexii_hall_statues_s
D:6:      layout_gridville, okawaru_ov_weapons_minmay, supply_closet_lemuel,
          minmay_circle_x, uniq_jeremiah
D:7:      layout_loops_ring, good_gods_temple_1, minmay_temple_entry_arrows
D:8:      layout_layer_cave, minmay_microvault
D:9:      layout_roguey, grunt_lair_entry_orc_guard_hut,
          minmay_misc_feat_pillars, grunt_decor_one_mirror,
          statue_in_the_mist_lemuel
D:10:     layout_grid_maze, nicolae_two_hexagons, minivault_10, uniq_josephine
D:11:     minmay_razor_zed, layout_grid_maze,
          kennysheep_orc_monster_closet_entryway, ebering_ghost_inner_flame,
          dreamdust_gnoll_shepherd
D:12:     layout_grid_maze, uniq_azrael, uniq_frances, uniq_psyche, uniq_lodul,
          uniq_rupert
D:13:     minmay_the_grid_triangle_9x9_rhombus_full
          [minmay_the_grid_triangle_9x9_pentomino_pain,
          minmay_the_grid_triangle_9x9_sparse_checkered,
          minmay_the_grid_triangle_9x9_corrupted_corridor,
          minmay_the_grid_triangle_9x9_zippers_horizontal,
          minmay_the_grid_triangle_9x9_swiss_cheese,
          minmay_the_grid_triangle_9x9_negative_grid,
          minmay_the_grid_triangle_9x9_dagger,
          minmay_the_grid_triangle_9x9_prize_center], layout_cave_pools,
          erik_vaults_2, gauntlet_entry_generic, cheibriados_altar_1,
          uniq_erolcha
Temple:   bh_familiar_temple
Lair:1:   layout_cellular_growth, special_room [special_room_bee],
          lemuel_centaur_altar, grunt_megastairs_2, infiniplex_staircase_pool,
          uniq_grum
Lair:2:   nzn_winding_woodlands_small [nzn_winding_woodlands_5x15_pool,
          nzn_winding_woodlands_center_diamonds,
          nzn_winding_woodlands_5x15_river_crossing], layout_long_grid,
          nicolae_snake_entry_warm_welcome, portal_ice_cave_entry_pillars_1,
          beast_lair_carwin_9, uniq_urug
Lair:3:   layout_roguey, elwin_shoals_entry_rocks, special_room
          [special_room_mythical_zoo], gammafunk_ghost_hydra_chop,
          nicolae_lair_run_with_the_wolves, uniq_snorg, uniq_kirke
Lair:4:   layout_layer_cave, slime_entry_1, ebering_ghost_rock_garden
Lair:5:   hangedman_lair_tendril_chambers, layout_long_grid, wormcave,
          gammafunk_ghost_grave, nzn_masters_of_martial_movement
Shoals:1: cheibrodos_shoals_three_sisters, layout_shoals,
          nicolae_shoals_undead_eyrie
Shoals:2: layout_shoals, uniq_polyphemus
Shoals:3: layout_shoals, uniq_nikola
Shoals:4: shoals_end_hangedman, layout_shoals
Snake:1:  layout_rooms, st_stairs_2
Snake:2:  layout_cave_town, nicolae_specific_store,
          nicolae_snake_salamander_zone, minmay_shop_grove
Snake:3:  layout_layer_cave, grunt_megastairs_5
Snake:4:  grunt_snake_rune_pools, layout_basic, serial_shops, bzr_entry_islet
Orc:1:    layout_caves, special_room [special_room_orc],
          gammafunk_ghost_berserking_beasts
Orc:2:    st_orc_elflike, layout_caves, kennysheep_orc_chapel
Elf:1:    eino_elf_arrival_shootout, layout_geoelf_grid, serial_shops, shop,
          ebering_ghost_gozag, minmay_elf_necromancy, minmay_shop_grid_forest
Elf:2:    elven_hall_of_blades_hangedman_original
          [nicolae_blade_entry_antechamber], layout_rooms,
          nicolae_fountain_basement
Elf:3:    minmay_elf_hall_x, layout_geoelf_octagon, drop_trap
Vaults:1: grunt_tower_of_power, vaults_dpeg_emergency_exit,
          hangedman_vaults_restitches, ontoclasm_vaults_claustrophobia,
          nicolae_vaults_tetromino_L_1, nicolae_vaults_swerve,
          hangedman_vaults_river_flow, nicolae_vaults_trapezoid_layered,
          nicolae_vaults_turnstiles, vaults_dpeg_cross,
          nicolae_vaults_closet_pinwheel_4, v_misc_11, vaults_standard_mumra_x,
          nicolae_vaults_little_squares_4, layout_vaults_maze, uniq_asterion
Vaults:2: gammafunk_ghost_grave, blue_anna_dwarven_crypt, special_room_vaults
          [special_room_orc], nicolae_vaults_sightless_eye, v_misc_9,
          vaults_room_semicircle, nicolae_vaults_double_plus_2,
          vaults_room_grunt_arrival_checkpoint, layout_vaults_quadrants,
          serial_shops, shop, uniq_zenata
Vaults:3: nicolae_vaults_mini_display_case, nicolae_vaults_big_ls, v_misc_8,
          vaults_room_boxed, grunt_vaults_diagonal, nicolae_vaults_trapezoid_3,
          ontoclasm_vaults_eye, nicolae_vaults_more_shelving_2, v_pattern_1,
          nicolae_vaults_offset_grid_hallway_4, nicolae_vaults_house_1,
          nicolae_vaults_trapezoid_lopsided_3, vaults_mumra_chevron,
          layout_vaults_omnibox
Vaults:4: hangedman_vaults_cutoff, vaults_room_door_ring,
          dpeg_vaults_monster_row, nicolae_vaults_three_branches, v_misc_17,
          ontoclasm_vaults_hangar, hangedman_vaults_nails,
          nicolae_vaults_storage_closets_1, layout_vaults_ring, serial_shops,
          shop, nicolae_shop_statue_plus, nicolae_lakefront_shop, shop

Skill      XL: |  1  2  3  4  5  6  7  8  9 10 11 12 13 14 15 16 17 18 19 20 21 22 |
---------------+-------------------------------------------------------------------+-----
Invocations    | 1 2 3 6 7 8 9 10 11 12 13 14 15 16 | 16.7
Short Blades   | 1 2 5 6 7 8 9 10 11 12 13 14 15 | 15.4
Axes           | 1 2 5 6 7 8 9 10 11 12 13 14 15 | 15.4
Maces & Flails | 1 2 5 6 7 8 9 10 11 12 13 14 15 | 15.4
Polearms       | 1 2 5 6 7 8 9 10 11 12 13 14 15 | 15.4
Staves         | 1 2 5 6 7 8 9 10 11 12 13 14 15 | 15.4
Ranged Weapons | 1 2 5 6 7 8 9 10 11 12 13 14 15 | 15.4
Throwing       | 1 2 5 6 7 8 9 10 11 12 13 14 15 | 15.4
Dodging        | 1 2 5 6 7 8 9 10 11 12 13 14 15 | 15.4
Stealth        | 1 2 5 6 7 8 9 10 11 12 13 14 15 | 15.4
Unarmed Combat | 1 2 5 6 7 8 9 10 11 12 13 14 15 | 15.4
Spellcasting   | 1 2 5 6 7 8 9 10 11 12 13 14 15 | 15.4
Evocations     | 1 2 5 6 7 8 9 10 11 12 13 14 15 | 15.4
Shapeshifting  | 1 2 5 6 7 8 9 10 11 12 13 14 | 14.2
Conjurations   | 1 2 4 5 6 7 8 9 10 11 12 13 | 13.1
Hexes          | 1 2 4 5 6 7 8 9 10 11 12 13 | 13.1
Summonings     | 1 2 4 5 6 7 8 9 10 11 12 13 | 13.1
Necromancy     | 1 2 4 5 6 7 8 9 10 11 12 13 | 13.1
Translocations | 1 2 4 5 6 7 8 9 10 11 12 13 | 13.1
Transmutations | 1 2 4 5 6 7 8 9 10 11 15 |  0.0
Fire Magic     | 1 2 4 5 6 7 8 9 10 11 12 13 | 13.1
Ice Magic      | 1 2 4 5 6 7 8 9 10 11 12 13 | 13.1
Air Magic      | 1 2 4 5 6 7 8 9 10 11 12 13 | 13.1
Earth Magic    | 1 2 4 5 6 7 8 9 10 11 12 13 | 13.1
Alchemy        | 1 2 4 5 6 7 8 9 10 11 12 13 | 13.1
Long Blades    | 5 7 8 9 10 11 12 13 14 15 16 | 16.0
Fighting       | 7 8 9 10 11 12 13 14 15 16 | 16.5
Armour         | 7 8 9 10 11 12 13 14 15 16 | 16.5
Shields        | 7 8 9 10 11 12 13 14 15 16 | 16.5

Action                     |  1- 3 |  4- 6 |  7- 9 | 10-12 | 13-15 | 16-18 | 19-21 | 22-24 || total
---------------------------+-------+-------+-------+-------+-------+-------+-------+-------++-------
  Melee: Long sword        |   138 |   246 |   400 |   123 |       |       |       |       ||   907
         Bite              |    13 |    24 |    45 |   122 |   221 |   190 |   287 |    28 ||   930
         Mace              |       |       |       |   113 |       |       |       |       ||   113
         Scimitar          |       |       |       |   490 |   282 |   146 |       |       ||   918
         Eveningstar       |       |       |       |       |   831 |  1137 |  1656 |   214 ||  3838
   Cast: Fugue of the Fall |       |       |       |       |       |    10 |    38 |     6 ||    54
         Ozocubu's Armour  |       |       |       |       |       |     9 |    48 |     5 ||    62
         Dazzling Flash    |       |       |       |       |       |     1 |     1 |       ||     2
         Animate Armour    |       |       |       |       |       |     2 |     3 |     3 ||     8
         Shock             |       |       |       |       |       |       |     3 |       ||     3
         Swiftness         |       |       |       |       |       |       |     1 |     3 ||     4
         Silence           |       |       |       |       |       |       |     2 |     2 ||     4
 Invoke: Ancestor Identity |       |       |       |     2 |       |       |     4 |       ||     6
         Ancestor Life: Kn |       |       |       |     1 |       |       |       |       ||     1
         Recall Ancestor   |       |       |       |       |     4 |     5 |     4 |       ||    13
         Idealise          |       |       |       |       |       |       |     1 |       ||     1
         Transference      |       |       |       |       |       |       |     1 |       ||     1
  Evoke: Wand              |       |       |       |    10 |    30 |    13 |     1 |       ||    54
    Use: Potion            |     1 |     6 |     4 |     4 |     6 |    11 |     5 |     2 ||    39
         Scroll            |     4 |     6 |     7 |    13 |    13 |    20 |     5 |     5 ||    73
   Stab: Distracted        |       |       |       |     4 |     8 |    21 |    20 |     3 ||    56
         Sleeping          |       |       |       |       |       |       |       |     2 ||     2
 Armour: Scale mail        |    76 |   193 |   142 |       |       |       |       |       ||   411
         Chain mail        |       |       |   151 |   364 |       |       |       |       ||   515
         Plate armour      |       |       |       |   187 |  1239 |  1102 |  1047 |   123 ||  3698
  Dodge: Dodged            |    67 |   115 |   181 |   314 |   660 |   550 |   466 |    31 ||  2384
  Block: Buckler           |    37 |    68 |   131 |   282 |   675 |       |       |       ||  1193
         Kite shield       |       |       |       |       |   288 |  1343 |  1130 |       ||  2761
         Reflection        |       |       |       |       |       |       |    75 |    16 ||    91
         Tower shield      |       |       |       |       |       |       |   778 |   247 ||  1025

Table legend: (Time is in decaauts)
 A = Elapsed time spent in this place.
 B = Non-inter-level travel time spent in this place.
 C = Inter-level travel time spent in this place.
 D = Time resting spent in this place.
 E = Time spent auto-exploring this place.
 F = Levels seen in this place.
 G = Mean time per level.
                   A        B        C        D        E       F      G
               +--------+--------+--------+--------+--------+-----+--------+
         Total |  47452 |  41814 |   5638 |   7777 |  21813 |  38 | 1248.7 |
       Dungeon |  16801 |  15220 |   1581 |   3464 |   8399 |  13 | 1292.4 |
        Temple |    173 |      4 |    169 |      0 |      0 |   1 |  173.0 |
          Lair |   7208 |   6270 |    938 |    457 |   3838 |   5 | 1441.6 |
        Shoals |   3523 |   3148 |    375 |    272 |   1888 |   4 |  880.8 |
     Snake Pit |   6667 |   5819 |    848 |   1387 |   2580 |   4 | 1666.8 |
  Orcish Mines |   1416 |   1136 |    280 |     58 |    605 |   2 |  708.0 |
   Elven Halls |   3819 |   3348 |    471 |    901 |   1552 |   3 | 1273.0 |
        Vaults |   7065 |   6091 |    974 |   1227 |   2632 |   4 | 1766.2 |
        Bazaar |    152 |    152 |      0 |     10 |     28 |   1 |  152.0 |
         Sewer |    624 |    624 |      0 |      0 |    289 |   1 |  624.0 |
               +--------+--------+--------+--------+--------+-----+--------+

Top non-repeatable levels by time:
     D:5: 3887 daAuts
 Snake:3: 2455 daAuts
Vaults:1: 2315 daAuts
 Snake:4: 2232 daAuts
    D:11: 2156 daAuts
Vaults:2: 1756 daAuts
  Lair:5: 1718 daAuts
Vaults:3: 1676 daAuts
   Elf:2: 1640 daAuts
  Lair:2: 1635 daAuts
    D:12: 1448 daAuts
     D:8: 1404 daAuts
 Snake:2: 1395 daAuts
   Elf:1: 1386 daAuts
  Lair:1: 1342 daAuts
